 Dungeon Crawl Stone Soup version 0.31.0-12-g77e489cdc1 (webtiles) character file.

Game seed: 1827954153859739854

347 Silvore the Covered (level 6, -8/56 HPs)
             Began as a Minotaur Fighter on Feb 17, 2024.
             Mangled by an ice beast (13 damage)
             ... on level 4 of the Dungeon.
             The game lasted 00:02:57 (2602 turns).

Silvore the Covered (Minotaur Fighter)              Turns: 2602, Time: 00:02:58

Health: -8/56      AC:  7    Str: 23    XL:     6   Next: 32%
Magic:  5/5        EV:  9    Int:  5    God:
Gold:   165        SH:  4    Dex:  9    Spells: 5/5 levels left

rFire   . . .        a - +1 war axe
rCold   . . .        c - +0 buckler
rNeg    . . .        b - +0 scale mail
rPois   .            (helmet restricted)
rElec   .            (no cloak)
rCorr   .            (no gloves)
SInv    .            (no boots)
Will    .....        l - amulet of the acrobat Stlth
                     (no ring)
HPRegen 0.29/turn    (no ring)
MPRegen 0.09/turn

%: acrobat
@: no status effects
A: horns 2, retaliatory headbutt
a: no special abilities


You were on level 4 of the Dungeon.
You visited 1 branch of the dungeon, and saw 4 of its levels.

You collected 165 gold pieces.

Inventory:

Hand Weapons
 a - a +1 war axe (weapon)
Armour
 b - a +0 scale mail (worn)
 c - a +0 buckler (worn)
Jewellery
 l - an amulet of the acrobat (around neck)
Scrolls
 j - a scroll of enchant weapon
Potions
 d - a potion of brilliance
 f - 3 potions of ambrosia
 i - 2 potions of degeneration
 m - 2 potions of berserk rage
 n - a potion of heal wounds
 p - a potion of resistance {unknown}


   Skills:
 + Level 5.2 Fighting
 + Level 5.1 Axes
 + Level 5.5 Armour
 + Level 0.5 Dodging
 + Level 0.2 Stealth
 + Level 4.3 Shields


You had 5 spell levels left.
You didn't know any spells.
Your spell library contained the following spells:

 Spells                   Type           Power      Damage    Failure   Level
 Sandblast                Erth           0%         2d4       83%         1
 Passwall                 Erth           0%         N/A       99%         3
 Stone Arrow              Conj/Erth      0%         3d7       99%         3
 Brom's Barrelling Bould  Conj/Erth      0%         2d3       100%        4


Dungeon Overview and Level Annotations

Branches:
Dungeon (4/15)
 Temple: D:4-7

Altars:
Sif Muna

Shops:
D:4 *

Annotations:
D:3 3 runed translucent doors, TheSexyCheese's ghost, amateur DEFE; toastdancer's ghost, weakling GnHW


Innate Abilities, Weirdness & Mutations

You have a pair of horns on your head.
You reflexively headbutt those who attack you in melee.


Message History

You are poisoned.
The scorpion poisons you!
You slash the scorpion!
You kill the scorpion!
You feel very sick.
Your Axes skill increases to level 5!
You feel sick. The ice beast closely misses you.
You see here a scorpion corpse.
You slash the ice beast!
The ice beast is moderately wounded.
You feel sick. The ice beast hits you. The ice beast freezes you!
You slash the ice beast!
The ice beast is severely wounded.
You feel sick.
The ice beast hits you but does no damage. x2
You hit the ice beast but do no damage.
The ice beast is severely wounded.
You feel sick. The ice beast hits you. The ice beast freezes you!
You barely miss the ice beast.
The ice beast is severely wounded.
You feel sick. The ice beast hits you.
* * * LOW HITPOINT WARNING * * *
The ice beast freezes you.
* * * LOW HITPOINT WARNING * * *
Unknown command.
You feel better. The ice beast barely misses you.
You hit the ice beast.
The ice beast is almost dead.
The ice beast barely misses you.
You barely miss the ice beast. Your headbutt misses the ice beast.
The ice beast is almost dead.
The ice beast hits you. The ice beast freezes you!
* * * LOW HITPOINT WARNING * * *
You block the ice beast's attack.
You hit the ice beast but do no damage.
The ice beast is almost dead.
The ice beast hits you.
* * * LOW HITPOINT WARNING * * *
The ice beast freezes you!
You die...

######.............
....##.............
...................
.##.##)............
...............^...
....##.............
....##.............
............##########.#
###.#####.#...oY@......#
# #.....s.##############
# #.....o†# # #......Y#
......... .........
.......... ..........
.........##


You could see an ice beast and an orc.

Vanquished Creatures
  A phantom (D:4)
  2 scorpions
  A bombardier beetle (D:3)
  Robin (D:2)
  2 adders (D:2)
  4 gnolls (D:3)
  3 ribbon worms (D:2)
  5 endoplasms
  A giant cockroach (D:3)
  9 goblins
  9 hobgoblins
  4 jackals (D:2)
  2 quokkas
  2 ball pythons
  A bat (D:3)
  3 frilled lizards
  2 kobolds
  3 rats
55 creatures vanquished.

Notes
Turn   | Place    | Note
-------+----------+-------------------------------------------
     0 | D:1      | Silvore the Minotaur Fighter began the quest for the Orb.
     0 | D:1      | Reached XP level 1. HP: 19/19 MP: 0/0
   547 | D:2      | Reached XP level 2. HP: 24/28 MP: 1/1
   646 | D:2      | Reached XP level 3. HP: 26/34 MP: 2/2
   689 | D:2      | You fall into a shaft and drop 1 floor!
   689 | D:3      | Found a runed translucent gate.
   689 | D:3      | Found a runed translucent gate.
   689 | D:3      | Found a runed translucent gate.
   690 | D:3      | Noticed TheSexyCheese's ghost (amateur DEFE)
   690 | D:3      | Noticed toastdancer's ghost (weakling GnHW)
   931 | D:2      | Noticed Robin
   954 | D:2      | Killed Robin
   959 | D:2      | Reached XP level 4. HP: 40/41 MP: 3/3
   984 | D:2      | Identified the +11 rapier of Dust {spect, rElec rC+ Dex+3
                  | Stlth-}
  1235 | D:3      | Found a faded altar of an unknown god.
  1978 | D:3      | Noticed a scorpion
  1983 | D:3      | Killed a scorpion
  1984 | D:3      | Reached skill level 5 in Fighting
  1984 | D:3      | Reached XP level 5. HP: 43/48 MP: 4/4
  2007 | D:3      | Reached skill level 5 in Armour
  2187 | D:3      | Identified the +1 leather armour "Leheruna" {*Corrode Dex+2
                  | Stlth+}
  2358 | D:3      | Found a shimmering blue altar of Sif Muna.
  2487 | D:4      | Found Huodd's Assorted Antiques.
  2501 | D:4      | Noticed a phantom
  2513 | D:4      | Killed a phantom
  2514 | D:4      | Reached XP level 6. HP: 43/56 MP: 5/5
  2576 | D:4      | Noticed an ice beast
  2594 | D:4      | Reached skill level 5 in Axes
  2602 | D:4      | Mangled by an ice beast

Illustrated notes

Levels and vault maps discovered:
D:1:      lightli_arrival_chessboard, layout_basic,
          ebering_dispersal_statue_hall, nrook_mini_backslash
D:2:      layout_rooms, kennysheep_generic_room_9, uniq_robin
D:3:      minmay_razor_zed, layout_basic, general_overflow_altar,
          hellmonk_ecumenical_altar_zigzags, gammafunk_ghost_cemetery,
          minmay_misc_feat_pillars
D:4:      layout_basic, serial_corexii_hall, chequers_hall_statues_wall_a,
          chequers_hall_statues_y, nicolae_stop_n_shop_1

Skill      XL: |  1  2  3  4  5  6 |
---------------+-------------------+-----
Fighting       | 4 5 |  5.2
Armour         | 4 5 |  5.5
Axes           | 3 4 5 |  5.1
Shields        | 4 |  4.3
Dodging        | |  0.5
Stealth        | |  0.2

Action                     |  1- 3 |  4- 6 || total
---------------------------+-------+-------++-------
  Melee: War axe           |    65 |    80 ||   145
         Headbutt          |    10 |     9 ||    19
    Use: Scroll            |     4 |    11 ||    15
         Potion            |     1 |     1 ||     2
 Armour: Scale mail        |    51 |    62 ||   113
  Dodge: Dodged            |    35 |    45 ||    80
  Block: Buckler           |    12 |    14 ||    26
